 Dungeon Crawl Stone Soup version 0.31.0-9-g3a7656b989 (webtiles) character file.

Game seed: 476546895184356899

431 Conn the Sneak (level 6, -17/36 HPs)
             Began as an Octopode Fire Elementalist on Jan 27, 2024.
             Engulfed by a cloud of flame (19 damage)
             ... on level 3 of the Dungeon.
             The game lasted 00:07:11 (2947 turns).

Conn the Sneak (Octopode Fire Elementalist)         Turns: 2947, Time: 00:07:11

Health: -17/36     AC:  1    Str: 14    XL:     6   Next: 99%
Magic:  3/10       EV: 13    Int: 19    God:
Gold:   4          SH:  0    Dex: 12    Spells: 3/11 levels left

rFire   . . .        t - +1 short sword (venom)
rCold   . . .        (no shield)
rNeg    . . .        (helmet restricted)
rPois   .            (no amulet)
rElec   .            h - ring of flight
rCorr   .            p - +6 ring of strength
SInv    .            (no ring)
Will    .....        (no ring)
Stlth   ++++         (no ring)
HPRegen 0.26/turn    (no ring)
MPRegen 0.12/turn    (no ring)
                     (no ring)

%: no passive effects
@: flying
A: almost no armour, amphibious, 8 rings, camouflage 1, gelatinous body 1,
(nimble swimmer 1), tentacles
a: no special abilities


You were on level 3 of the Dungeon.
You visited 1 branch of the dungeon, and saw 3 of its levels.

You collected 125 gold pieces.
You spent 121 gold pieces at shops.

Inventory:

Hand Weapons
 e - a +0 dagger
 r - a +1 dagger of speed
 t - a +1 short sword of venom (weapon)
Missiles
 g - 5 poisoned darts (quivered)
Armour
 v - a +0 buckler
Jewellery
 h - a ring of flight (left tentacle)
 p - a +6 ring of strength (right tentacle)
Wands
 q - a wand of quicksilver (10)
Scrolls
 c - 4 scrolls of identify {unknown}
 d - a scroll of revelation {unknown}
 i - a scroll of teleportation {unknown}
 j - a scroll of fog {unknown}
 l - a scroll of noise {unknown}
 n - a scroll of silence {unknown}
 o - a scroll of enchant weapon {unknown}
Potions
 a - a potion of magic
 b - 2 potions of curing {unknown}
 f - 2 potions of enlightenment {unknown}
 k - a potion of might {unknown}
 m - a potion of mutation {unknown}
 s - a potion of degeneration {unknown}
 u - a potion of invisibility {unknown}


   Skills:
 + Level 3.3 Dodging
 + Level 4.6 Stealth
 * Level 0.0 Shields
 + Level 3.1 Spellcasting
 + Level 2.7 Conjurations
 + Level 0.0 Hexes
 + Level 3.0 Translocations
 + Level 4.0 Fire Magic


You had 3 spell levels left.
You knew the following spells:

 Your Spells              Type           Power      Damage    Failure   Level
a - Foxfire               Conj/Fire      60%        2x1d7     3%          1
b - Scorch                Fire           36%        2d6       4%          2
c - Inner Flame           Hex/Fire       10%        N/A       21%         3
e - Blink                 Tloc           28%        N/A       7%          2

Your spell library contained the following spells:

 Spells                   Type           Power      Damage    Failure   Level
 Magic Dart               Conj           52%        1d5       4%          1
 Lesser Beckoning         Tloc           28%        N/A       7%          2
 Momentum Strike          Conj/Tloc      26%        3d8       7%          2
 Volatile Blastmotes      Fire/Tloc      32%        2d12      11%         3
 Gell's Gravitas          Tloc           14%        N/A       13%         3
 Teleport Other           Tloc           14%        N/A       13%         3
 Call Imp                 Summ           4%         N/A       22%         2
 Dazzling Flash           Conj/Hex       16%        N/A       26%         3
 Flame Wave               Conj/Fire      15%        2d7       36%         4
 Starburst                Conj/Fire      7%         6d4       99%         6
 Maxwell's Capacitive Co  Air            1%         ∞         100%        8


Dungeon Overview and Level Annotations

Branches:
Dungeon (3/15)

Altars:

Shops:
D:3 (*[[[

Annotations:
D:3 Grinder


Innate Abilities, Weirdness & Mutations

You cannot wear most types of armour.
You are amphibious.
You can wear up to eight rings at the same time.
Your skin changes colour to match your surroundings (Stealth+).
Your rubbery body absorbs attacks. (AC +1, EV +1)
((You are camouflaged when in or above water. (Stealth+)))
You have tentacles for arms and can constrict up to eight enemies at once.


Message History

Unknown command.
Casting: Inner Flame (quite dangerous; 21% risk of failure)
Confirm with . or Enter, or press ? or * to list all spells.
Aiming: Inner Flame (quite dangerous; 21% risk of failure)
Press: ? - help, Dir - move target, f/p - bat
Aim: a bat (chance to affect: 76%)
The bat is filled with an inner flame.
The bat barely misses you. The bat closely misses you.
Grinder blinks!
Unknown command.
The bat closely misses you. The bat hits you.
Unknown command.
The bat attacks as it pursues you! The bat hits you.
The bat hits you but does no damage.
You feel yourself speed up. The bat misses you.
The bat hits you but does no damage. The bat hits you.
The bat hits you but does no damage. The bat barely misses you.
Grinder blinks!
The bat hits you. The bat barely misses you. The bat barely misses you.
The bat misses you. The bat misses you. The bat closely misses you.
The bat barely misses you. x2
Your magical contamination has completely faded away.
The bat hits you. The bat barely misses you.
The bat hits you but does no damage. The bat barely misses you.
The bat closely misses you.
Casting: Inner Flame (quite dangerous; 21% risk of failure)
Confirm with . or Enter, or press ? or * to list all spells.
You conjure some foxfire!
The bat hits you. The bat closely misses you.
Grinder blinks!
Unknown command.
Casting: Foxfire (safe; 3% risk of failure)
Confirm with . or Enter, or press ? or * to list all spells.
Flames lash the bat.
The bat explodes!
The fiery explosion engulfs you!!
Ouch! That really hurt!
* * * LOW HITPOINT WARNING * * *
You are engulfed in blazing flames.
Ouch! That really hurt!
You die...

##........<......#
...............#.#
##.<........>..#.#
#.............#.#
#............##.#
##...#######..##.#
#.....# #.# #§#
#..##.## ##)# #§#
#..##..# #..###@##
#..###<# ##.∩.##vv#
....##.###..#.###.#
....##..##.##.###5#
.##..##.##.##.....#
####..#.##.#####..#
.####.#....# #..#
.#.......### ##.#
...#####.# ###


You could see Grinder (ally target).

Vanquished Creatures
  Sigmund (D:3)
  A jelly (D:3)
  Jessica (D:2)
  Ijyb (D:3)
  Natasha (thrice) (D:2)
  Robin (D:3)
  3 adders (D:3)
  2 dart slugs
  A ribbon worm (D:2)
  7 orcs (D:3)
  8 bats
  6 endoplasms
  A giant cockroach (D:1)
  11 goblins
  9 hobgoblins
  6 ball pythons
  5 frilled lizards
  4 kobolds
  2 rats (D:2)
73 creatures vanquished.

Vanquished Creatures (collateral kills)
  6 foxfires (D:1)
6 creatures vanquished.

Vanquished Creatures (others)
  136 foxfires
136 creatures vanquished.

Grand Total: 215 creatures vanquished

Notes
Turn   | Place    | Note
-------+----------+-------------------------------------------
     0 | D:1      | Conn the Octopode Fire Elementalist began the quest for the
                  | Orb.
     0 | D:1      | Reached XP level 1. HP: 11/11 MP: 3/3
   222 | D:1      | Reached XP level 2. HP: 17/17 MP: 0/5
  1160 | D:2      | Noticed Jessica
  1203 | D:1      | Learned a level 2 spell: Scorch
  1206 | D:1      | Learned a level 2 spell: Blink
  1245 | D:2      | Reached XP level 3. HP: 21/21 MP: 6/6
  1270 | D:2      | Killed Jessica
  1349 | D:2      | Reached skill level 1 in Translocations
  1379 | D:2      | Reached XP level 4. HP: 27/27 MP: 0/7
  1448 | D:2      | Noticed Natasha
  1452 | D:2      | Killed Natasha
  1698 | D:2      | Noticed Natasha
  1709 | D:2      | Killed Natasha
  1995 | D:2      | Noticed Natasha
  2000 | D:2      | Killed Natasha
  2001 | D:2      | Reached XP level 5. HP: 31/31 MP: 2/8
  2096 | D:2      | Learned a level 3 spell: Inner Flame
  2317 | D:3      | Noticed Sigmund
  2322 | D:3      | Killed Sigmund
  2323 | D:3      | Reached XP level 6. HP: 36/36 MP: 1/10
  2336 | D:3      | Identified the +0 helmet of Wasted Space {Fly rPois Str-4
                  | Stlth-}
  2336 | D:3      | Noticed Robin
  2348 | D:3      | Killed Robin
  2440 | D:3      | Found Qacolaf's General Store.
  2549 | D:3      | Found Nupes's Weapon Shop.
  2556 | D:3      | Noticed Ijyb
  2587 | D:3      | Found Mawagosa's Armour Shoppe.
  2735 | D:3      | Killed Ijyb
  2849 | D:3      | Found Feymy's Antique Armour Boutique.
  2909 | D:3      | Found Udwug's Antique Armour Boutique.
  2918 | D:3      | Bought a buckler for 121 gold pieces
  2929 | D:3      | Noticed Grinder
  2947 | D:3      | Engulfed by a cloud of flame

Illustrated notes

Levels and vault maps discovered:
D:1:      lemuel_arrival_behind_the_door_large, layout_basic, serial_bayou,
          serial_bayou_crossing, serial_bayou_pond_a, serial_bayou_pond_c,
          serial_bayou_shore_a, serial_bayou_lake_a
D:2:      cheibrodos_helix_gallery, layout_loops_ring,
          kennysheep_generic_room_7, uniq_natasha, uniq_jessica
D:3:      layout_rooms, serial_shops,
          nicolae_shop_temple_entry_statues_fountains, shop, shop, shop,
          nicolae_lakefront_shop, uniq_ijyb, uniq_grinder, uniq_sigmund,
          uniq_robin

Skill      XL: |  1  2  3  4  5  6 |
---------------+-------------------+-----
Stealth        | 3 4 |  4.6
Translocations | 1 2 3 |  3.0
Conjurations   | 2 |  2.7
Dodging        | 3 |  3.3
Spellcasting   | 3 |  3.1
Fire Magic     | 4 |  4.0

Action                     |  1- 3 |  4- 6 || total
---------------------------+-------+-------++-------
  Melee: Dagger            |    28 |    29 ||    57
         Constrict         |     7 |     5 ||    12
         Tentacles         |     3 |     5 ||     8
  Throw: Dart              |       |     5 ||     5
   Cast: Foxfire           |    29 |    53 ||    82
         Scorch            |     4 |     9 ||    13
         Inner Flame       |       |     1 ||     1
   Stab: Sleeping          |     3 |    10 ||    13
 Armour: Skin              |     6 |    26 ||    32
  Dodge: Dodged            |    16 |    44 ||    60
